Map: Frozen Temple

Players

Pnissen - Winner!

  • Race: Terran Terran
  • League: Master

Ikaruga

  • Race: Terran Terran
  • League: Master

VOD

Have the link to the VOD?

Description

Time

  • Played on: Nov. 17, 2016, 4:49 a.m.
  • Length: 10:13
Show
View Real Time Build Order
Export as new Build Order

Pnissen Terran - Winner!

Build Orders: Cyclone Opening, Mech 

Get SALT Encoding   

  12  0:00  SCV  
  13  0:13  SCV  
  14  0:17  Supply Depot  
  14  0:25  SCV  
  15  0:31  Refinery  
  15  0:39  SCV  
  16  0:51  Barracks  
  16  0:53  SCV  
  17  1:05  SCV  
  18  1:17  SCV  
  19  1:39  Marine  
  20  1:40  Factory  
  20  1:41  Orbital Command  
  20  1:49  Supply Depot  
  20  1:57  Marine  
  21  2:09  SCV  
  22  2:21  SCV  
  22  2:24  Cyclone  
  22  2:27  Command Center  
  22  2:29  Barracks Reactor  
  25  2:35  SCV  
  26  2:39  Refinery  
  26  2:59  SCV  
  26  3:04  Widow Mine  
  29  3:08  Marine x2  
  31  3:17  Starport  
  31  3:38  SCV  
  31  3:39  Orbital Command  
  32  3:42  Barracks Tech Lab  
  32  3:46  Hellion x2  
  36  3:51  SCV  
  36  3:55  Viking  
  39  4:00  Orbital Command  
  39  4:03  SCV  
  39  4:07  Widow Mine x2  
  44  4:15  SCV  
  45  4:22  Barracks Reactor  
  45  4:26  SCV  
  46  4:35  Supply Depot  
  46  4:38  Supply Depot  
  46  4:53  Command Center  
  46  4:57  SCV x2, Cyclone x2  
  54  5:09  SCV  
  54  5:11  Raven  
  54  5:13  SCV  
  58  5:18  Engineering Bay  
  58  5:19  Supply Depot  
  58  5:20  Supply Depot  
  59  5:21  SCV  
  59  5:25  SCV  
  60  5:29  Refinery  
  60  5:30  Refinery  
  60  5:33  SCV  
  61  5:39  SCV  
  61  5:40  Hellion x2  
  66  5:45  SCV  
  66  5:48  Missile Turret  
  67  5:51  SCV  
  68  5:57  SCV  
  69  6:07  Armory, Orbital Command  
  69  6:08  Factory  
  69  6:09  SCV x2  
  71  6:12  Viking  
  71  6:16  Viking  
  75  6:27  Siege Tank  
  75  6:28  SCV  
  75  6:29  SCV  
  80  6:34  SCV  
  80  6:40  SCV  
  80  6:41  SCV  
  80  6:42  Factory, Orbital Command  
  81  6:49  Viking x2  
  85  6:55  SCV  
  85  6:56  SCV  
  85  6:57  Hellion x2  
  85  6:58  Infernal Pre-Igniter  
  91  7:02  Terran Vehicle Weapons Level 1  
  91  7:16  Supply Depot  
  91  7:17  SCV  
  91  7:18  SCV  
  91  7:19  SCV, Siege Tank, Hellion x2  
  100  7:30  Factory Tech Lab  
  100  7:32  SCV  
  100  7:35  Supply Depot x2  
  100  7:36  Supply Depot  
  101  7:38  SCV x2  
  101  7:42  Viking x2  
  107  7:46  Hellion  
  109  7:55  Refinery  
  109  7:56  SCV x2  
  109  7:57  Missile Turret  
  111  8:03  Thor  
  117  8:07  Thor  
  117  8:10  SCV x2  
  117  8:11  SCV  
  126  8:15  Refinery  
  126  8:22  SCV x2  
  126  8:24  SCV  
  129  8:28  Supply Depot x2  
  129  8:30  Supply Depot  
  129  8:33  Medivac x2  
  133  8:50  SCV x3, Siege Tank, Hellion x2  
  143  9:07  Siege Tank, Command Center  
  143  9:08  Sensor Tower  
  146  9:10  Missile Turret x2  
  146  9:11  Hellion  
  148  9:22  Siege Tank  
  151  9:24  Hellion  
  151  9:25  SCV x2  
  151  9:27  Supply Depot  
  151  9:28  Supply Depot x2  
  155  9:33  Hellion  
  147  9:39  Siege Tank  
  133  9:46  Hellion  
  129  9:56  Factory  
  129  9:58  Factory  
Show
View Real Time Build Order
Export as new Build Order

Ikaruga Terran 

Build Orders: 1/1/1, Cyclone Opening, Mech 

Get SALT Encoding   

  12  0:01  SCV  
  13  0:13  SCV  
  14  0:18  Supply Depot  
  14  0:25  SCV  
  15  0:35  Refinery  
  15  0:40  SCV  
  16  0:45  Barracks  
  16  0:52  SCV  
  16  0:56  Refinery  
  17  1:05  SCV  
  18  1:17  SCV  
  19  1:33  Factory  
  19  1:34  Orbital Command  
  19  1:38  Reaper  
  20  1:51  Supply Depot  
  20  2:04  SCV  
  20  2:10  Reaper  
  21  2:18  SCV  
  22  2:24  Cyclone  
  22  2:28  Starport  
  25  2:30  SCV  
  26  2:42  SCV  
  27  2:53  Supply Depot  
  27  2:58  Factory Tech Lab  
  27  3:01  Marine  
  27  3:02  SCV  
  27  3:05  Viking  
  31  3:15  SCV  
  31  3:16  Supply Depot  
  31  3:19  Siege Tank  
  35  3:20  Marine  
  36  3:27  SCV  
  37  3:46  Command Center  
  37  3:56  SCV  
  37  3:59  Raven  
  40  4:08  SCV  
  41  4:12  Supply Depot  
  41  4:13  Factory Reactor  
  41  4:21  SCV  
  42  4:33  SCV  
  43  4:41  Command Center  
  43  4:45  SCV  
  44  4:54  Engineering Bay  
  44  4:55  Viking  
  44  4:57  SCV  
  46  5:09  SCV  
  47  5:15  Siege Tank  
  47  5:17  Viking  
  52  5:23  Orbital Command  
  52  5:29  SCV  
  53  5:36  Factory  
  53  5:41  SCV  
  54  5:48  SCV  
  55  5:51  Siege Tank  
  55  5:53  SCV  
  55  5:55  Orbital Command  
  59  6:04  SCV  
  59  6:06  Refinery  
  59  6:07  Refinery  
  60  6:14  SCV, Missile Turret x2  
  60  6:15  Missile Turret  
  60  6:17  SCV  
  62  6:22  SCV  
  62  6:24  Factory Reactor  
  63  6:26  SCV  
  64  6:34  SCV  
  64  6:35  SCV  
  66  6:44  Viking x2  
  68  6:51  SCV  
  68  6:54  Orbital Command  
  69  6:58  SCV  
  70  7:05  Starport  
  70  7:09  SCV  
  70  7:14  SCV, Viking x2  
  76  7:16  Siege Tank  
  76  7:19  SCV  
  82  7:23  Hellion x2  
  82  7:27  SCV  
  82  7:29  Armory  
  85  7:32  Armory  
  85  7:37  Refinery  
  85  7:39  Refinery  
  85  7:41  SCV x2, Supply Depot  
  85  7:43  Starport Tech Lab, Supply Depot  
  87  7:44  Viking x2  
  87  7:45  SCV  
  87  7:50  Missile Turret  
  92  7:53  SCV  
  92  7:56  Factory  
  93  8:02  SCV  
  94  8:07  SCV  
  93  8:14  SCV  
  93  8:16  SCV  
  93  8:18  Command Center  
  93  8:19  Viking x2  
  99  8:23  Raven  
  99  8:24  SCV  
  102  8:33  SCV  
  102  8:34  SCV  
  102  8:42  SCV  
  102  8:45  SCV  
  102  8:46  Factory Tech Lab  
  104  8:57  Supply Depot  
  104  8:58  Siege Tank  
  104  8:59  Missile Turret, Hellion, Supply Depot  
  108  9:03  Missile Turret  
  108  9:07  Missile Turret  
  108  9:11  Supply Depot  
  108  9:12  Supply Depot  
  108  9:16  Hellion  
  108  9:17  Raven  
  108  9:19  Siege Tank  
  108  9:24  Hellion  
  113  9:31  Hellion  
  105  9:45  Hellion  
Tags
 
Add a new tag
Caveats
  • Supply blocks, unpowered buildings, or Contaminate may cause inaccurate times.
  • Supply counts are checked every 10 seconds.